[Event "Titled Tuesday Blitz July 05 Late 2022"]
[White "Sargsyan, Anna M."]
[Black "Eljanov, Pavel"]
[WhiteFideId "13308130"]
[BlackFideId "14102951"]
[WhiteElo "2271"]
[BlackElo "2601"]
[Result "0-1"]
[Round "09"]
[TimeControl "180+1"]
[Date "2022.07.05"]
[WhiteClock "0:00:02"]
[BlackClock "0:00:56"]

1. d4 f5 2. c4 Nf6 3. Nc3 e6 4. Qc2 Bb4 5. Nf3 b6 6. Bf4 Bb7 7. e3 O-O 8. Bd3 Ne4 9. O-O Bxc3 10. bxc3 d6 11. h3 Nd7 12. Nd2 Nxd2 13. Qxd2 Qe7 14. Bh2 e5 15. a4 a5 16. Rab1 Bc6 17. Rfe1 Rae8 18. Bf1 Kh8 19. Qa2 Rf6 20. Bg3 Rg6 21. Bd3 Rf8 22. Qc2 Qg5 23. d5 Bb7 24. Bf1 Nc5 25. Bh2 Bc8 26. f4 Qe7 27. fxe5 dxe5 28. Kh1 Bd7 29. Ra1 Qe8 30. Be2 Bxa4 31. Qb2 Bd7 32. Bh5 Nd3 33. Qe2 Nxe1 34. Rxe1 Rxg2 35. Kxg2 g6 36. Bf3 e4 37. Bxc7 exf3+ 38. Qxf3 a4 39. Bxb6 Qe7 40. Bd4+ Kg8 41. c5 Bb5 42. d6 Qe6 43. Rb1 Bd3 44. Qd1 Qe4+ 45. Kh2 Bxb1 46. Qxa4 Qc2+ 47. Qxc2 Bxc2 48. c6 Ba4 49. c7 Bd7 50. c4 g5 51. c5 Kf7 52. h4 h6 53. hxg5 hxg5 54. Kg3 Ke6 55. Bg7 Rg8 56. Bc3 Kd5 57. Bd4 Kc6 0-1


[Site "https://www.chess.com"]

[Event "Titled Tuesday Blitz July 05 Late 2022"]
[White "Shuvalova, Polina"]
[Black "Preotu, Razvan"]
[WhiteFideId "24171760"]
[BlackFideId "2613280"]
[WhiteElo "2330"]
[BlackElo "2407"]
[Result "0-1"]
[Round "09"]
[TimeControl "180+1"]
[Date "2022.07.05"]
[WhiteClock "0:00:50"]
[BlackClock "0:00:10"]

1. e4 c5 2. Nf3 d6 3. Bb5+ Nd7 4. O-O a6 5. Bd3 Ngf6 6. c3 b5 7. a4 Bb7 8. axb5 axb5 9. Rxa8 Qxa8 10. e5 dxe5 11. Bxb5 Bc6 12. Na3 e4 13. Ng5 h6 14. Nh3 e5 15. Qe2 Bd6 16. Nc4 Bc7 17. Bxc6 Qxc6 18. f3 exf3 19. Rxf3 O-O 20. d3 Re8 21. Nf2 e4 22. dxe4 Nxe4 23. Re3 Ndf6 24. Nxe4 Nxe4 25. Nd2 f5 26. Nxe4 fxe4 27. c4 Be5 28. Kh1 Bd4 29. Rg3 e3 30. h3 Qe4 31. Rf3 Kh7 32. Rf1 Re6 33. b3 Rg6 34. Rf3 Qb1 35. Qe1 Qc2 36. Qf1 e2 37. Qe1 Ra6 38. Kh2 Ra1 39. Rc3 Bxc3 0-1


[Site "https://www.chess.com"]

[Event "Titled Tuesday Blitz July 05 Late 2022"]
[White "Silva Lucena, Cristian"]
[Black "Nguyen, Quoc Hy"]
[WhiteFideId "2232588"]
[BlackFideId "12410853"]
[WhiteElo "2223"]
[BlackElo "1938"]
[Result "1-0"]
[Round "09"]
[TimeControl "180+1"]
[Date "2022.07.05"]
[WhiteClock "0:00:12"]
[BlackClock "0:00:06"]

1. e4 c5 2. Nf3 Nc6 3. d4 cxd4 4. Nxd4 Nf6 5. Nc3 e5 6. Ndb5 d6 7. Bg5 a6 8. Na3 b5 9. Nd5 Be7 10. Bxf6 Bxf6 11. c3 O-O 12. Nc2 Bg5 13. a4 Rb8 14. axb5 axb5 15. Bd3 Be6 16. Ncb4 Nxb4 17. Nxb4 g6 18. Nc6 Qf6 19. Nxb8 Rxb8 20. O-O h5 21. Qe2 b4 22. Bc4 Bd7 23. Ra7 Bg4 24. f3 Be6 25. Bxe6 Qxe6 26. Ra6 h4 27. Rd1 Qb3 28. Raxd6 bxc3 29. bxc3 Qxc3 30. h3 Rb2 31. Qe1 Qc2 32. Qf1 Be3+ 33. Kh1 Bd4 34. Rd8+ Kg7 35. Rc1 Qd2 36. Rd7 Qb4 37. Qe1 Qb5 38. Rd5 Qd3 39. Qxh4 Qd2 40. Rg1 Qc2 41. Rxd4 exd4 42. e5 d3 43. Qf6+ Kg8 44. e6 fxe6 45. Qxg6+ Kf8 46. Qf6+ Kg8 47. Qxe6+ Kg7 48. Qg4+ Kh7 49. Re1 Rb1 50. Qf5+ Kg7 51. Qe5+ Kh7 52. Qe7+ Kg8 53. Qe8+ Kg7 54. Qe7+ Kg8 55. Qg5+ Kh7 56. Qh4+ Kg7 57. Qd4+ Kg8 58. Qd5+ Kg7 59. Qe5+ Kh7 60. Qe4+ Kg8 61. Rxb1 Qxb1+ 62. Kh2 Qb8+ 63. f4 Qd6 64. Qc4+ Kg7 65. Qc3+ Kg6 66. Qd2 Qd4 67. g4 Qe4 68. Kg3 Kf7 69. f5 Qe5+ 70. Kh4 Qh8+ 71. Kg3 Qe5+ 72. Kf3 Qd4 73. Qe3 Qd5+ 74. Kf2 d2 75. Qe6+ Qxe6 76. fxe6+ Kxe6 77. Ke2 1-0


[Site "https://www.chess.com"]

[Event "Titled Tuesday Blitz July 05 Late 2022"]
[White "Skytte, Rasmus"]
[Black "Fishbein, Alexander"]
[WhiteFideId "1404210"]
[BlackFideId "2000377"]
[WhiteElo "2430"]
[BlackElo "2410"]
[Result "0-1"]
[Round "09"]
[TimeControl "180+1"]
[Date "2022.07.06"]
[WhiteClock "0:00:04"]
[BlackClock "0:00:03"]

1. d4 Nf6 2. c4 c5 3. d5 b5 4. Qc2 b4 5. e4 d6 6. Bd3 g6 7. Nf3 Bg7 8. O-O O-O 9. h3 e6 10. Bf4 exd5 11. exd5 Re8 12. Nbd2 a5 13. Rae1 Ra7 14. Rxe8+ Nxe8 15. Ne4 Bf5 16. Bg5 Qd7 17. Re1 Bxe4 18. Rxe4 Nf6 19. Re1 Na6 20. Nd2 Ra8 21. Bf4 Re8 22. Rxe8+ Nxe8 23. b3 Nac7 24. Be2 Qe7 25. Bf3 Qe1+ 26. Kh2 Be5 27. Bxe5 Qxe5+ 28. g3 f5 29. Kg2 Nf6 30. h4 Nce8 31. Nf1 f4 32. Qd2 fxg3 33. Nxg3 Ng7 34. Qg5 Qe7 35. h5 Kf7 36. hxg6+ hxg6 37. Qf4 Qe5 38. Qh6 Nf5 39. Qh8 Nxg3 40. fxg3 Qb2+ 41. Kh3 Qe5 42. Qc8 g5 43. Qc7+ Kg6 44. Bg4 Qe4 0-1


[Site "https://www.chess.com"]

[Event "Titled Tuesday Blitz July 05 Late 2022"]
[White "So, Wesley"]
[Black "Kosteniuk, Alexandra"]
[WhiteFideId "5202213"]
[BlackFideId "4128125"]
[WhiteElo "2763"]
[BlackElo "2469"]
[Result "1-0"]
[Round "09"]
[TimeControl "180+1"]
[Date "2022.07.05"]
[WhiteClock "0:00:17"]
[BlackClock "0:00:12"]

1. e4 e5 2. Nf3 Nc6 3. Bb5 a6 4. Ba4 Nf6 5. O-O Be7 6. d3 b5 7. Bb3 O-O 8. a4 b4 9. Re1 d6 10. a5 Rb8 11. Nbd2 Be6 12. Bxe6 fxe6 13. Nb3 Qe8 14. d4 Rb5 15. dxe5 dxe5 16. Qe2 Bd6 17. Qc4 Nh5 18. Be3 Nf4 19. Bxf4 Rxf4 20. Re3 Nd8 21. Rd1 h6 22. Ne1 Nb7 23. Ra1 Kh7 24. Qe2 Qg6 25. Nd3 Rf7 26. Rg3 Qf6 27. h3 c5 28. Nd2 Rxa5 29. Rd1 Bc7 30. Nc4 Rb5 31. b3 Rd7 32. Ra1 Rd4 33. Rxa6 Nd6 34. Nxd6 Rxd6 35. Ra7 Qd8 36. Qg4 Rd7 37. Qxe6 Rb6 38. Qf5+ g6 39. Qg4 h5 40. Qe2 Bd6 41. Rxd7+ Qxd7 42. Nb2 Rb8 43. Nc4 Bc7 44. Rd3 Qf7 45. Qd2 Re8 46. Rd7 Re7 47. Rxe7 Qxe7 48. Qd5 Kh6 49. Ne3 Bd6 50. h4 Kh7 51. g3 Bc7 52. Kg2 Bd6 53. Qc6 Qc7 54. Qe8 Qe7 55. Qxe7+ Bxe7 56. Nc4 Bf6 57. Nb6 Be7 58. Nc4 Bf6 59. Kf3 Kg7 60. Ke3 Kf7 61. Kd3 Ke6 62. Nb2 Kd6 63. Kc4 g5 64. hxg5 Bxg5 65. Nd3 h4 66. gxh4 Bxh4 67. f3 1-0


[Site "https://www.chess.com"]

[Event "Titled Tuesday Blitz July 05 Late 2022"]
[White "Storme, Isak"]
[Black "Maghsoodloo, Parham"]
[WhiteFideId "1728113"]
[BlackFideId "12539929"]
[WhiteElo "2205"]
[BlackElo "2607"]
[Result "0-1"]
[Round "09"]
[TimeControl "180+1"]
[Date "2022.07.05"]
[WhiteClock "0:00:02"]
[BlackClock "0:00:08"]

1. Nf3 d5 2. b3 Bf5 3. Bb2 h6 4. e3 Nf6 5. c4 e6 6. Nc3 Nbd7 7. d3 c6 8. Be2 Be7 9. O-O O-O 10. Re1 Bh7 11. Bf1 a5 12. g3 Re8 13. d4 Ne4 14. Nxe4 Bxe4 15. Bg2 a4 16. Nd2 Bxg2 17. Kxg2 Bb4 18. Qc2 Qa5 19. Red1 b5 20. Nf3 a3 21. Bc1 bxc4 22. bxc4 Bc3 23. Rb1 dxc4 24. Bd2 Bxd2 25. Nxd2 c3 26. Nb3 Qd5+ 27. e4 Qh5 28. Qxc3 e5 29. f3 Rac8 30. Rbc1 f5 31. exf5 e4 32. g4 Qh4 33. Qe3 Nf6 34. Qf2 exf3+ 35. Qxf3 Nxg4 36. Qg3 Ne3+ 37. Kh1 Qxg3 38. hxg3 Nxd1 39. Rxd1 Re2 40. Nc1 Rc2 41. Nd3 Rxa2 42. Ne5 Re2 43. Ra1 a2 44. Nd7 Rd8 45. Nc5 Rxd4 46. Nb3 Rb4 47. Na5 Rb1+ 48. Rxb1 axb1=Q# 0-1


[Site "https://www.chess.com"]

[Event "Titled Tuesday Blitz July 05 Late 2022"]
[White "Tanenbaum, Zachary"]
[Black "Nazaretyan, Tigran"]
[WhiteFideId "2060850"]
[BlackFideId "24162345"]
[WhiteElo "2175"]
[BlackElo "2179"]
[Result "1-0"]
[Round "09"]
[TimeControl "180+1"]
[Date "2022.07.05"]
[WhiteClock "0:00:06"]
[BlackClock "0:00:02"]

1. e4 c5 2. Nf3 Nc6 3. Nc3 d6 4. d4 cxd4 5. Nxd4 Nf6 6. Bg5 e6 7. Bb5 Bd7 8. Qd3 Nb4 9. Qc4 d5 10. exd5 Rc8 11. Qe2 Rxc3 12. dxe6 Bxb5 13. Qxb5+ Rc6 14. O-O-O Qd5 15. Nxc6 Qxc6 16. Bxf6 gxf6 17. exf7+ Kxf7 18. Qh5+ Kg7 19. Qg4+ Kh6 20. Qh3+ Kg6 21. Qg4+ Kh6 22. c3 Nxa2+ 23. Kb1 Nxc3+ 24. bxc3 Qxc3 25. Qh4+ Kg6 26. Qg3+ Qxg3 27. hxg3 Bc5 28. f3 a5 29. Rd7 b6 30. g4 h6 31. f4 f5 32. g5 a4 33. Ra7 a3 34. Ka2 h5 35. Re1 h4 36. Re6+ Kh5 37. g6 Kg4 38. g7 Rg8 39. Rh6 Re8 40. Rh8 Re2+ 41. Kb3 Re3+ 42. Kc4 1-0


[Site "https://www.chess.com"]

[Event "Titled Tuesday Blitz July 05 Late 2022"]
[White "Tari, Aryan"]
[Black "Bluebaum, Matthias"]
[WhiteFideId "1510045"]
[BlackFideId "24651516"]
[WhiteElo "2612"]
[BlackElo "2556"]
[Result "1-0"]
[Round "09"]
[TimeControl "180+1"]
[Date "2022.07.05"]
[WhiteClock "0:00:05"]
[BlackClock "0:00:06"]

1. e4 c6 2. d4 d5 3. e5 Bf5 4. f4 e6 5. Nf3 c5 6. Be3 Nd7 7. Be2 Ne7 8. c3 Nc6 9. O-O Be7 10. a3 a5 11. Nbd2 O-O 12. h3 h6 13. Rf2 Bh7 14. Qf1 Qb6 15. b3 cxd4 16. cxd4 f6 17. Bd3 fxe5 18. Bxh7+ Kxh7 19. fxe5 Ndxe5 20. Nxe5 Nxe5 21. Re1 Ng6 22. Qd3 Qa6 23. Qb1 Bh4 24. Rxf8 Rxf8 25. Rf1 Rxf1+ 26. Nxf1 Qe2 27. a4 Bg5 28. Bf2 Bf4 29. h4 h5 30. b4 axb4 31. Qxb4 Qa6 32. Qb3 Kh6 33. Qf3 Qxa4 34. g3 Bc1 35. Qf7 Kh7 36. Qxe6 Qb3 37. Qf5 Kh6 38. g4 hxg4 39. h5 Nf4 40. Ng3 Nh3+ 41. Kh2 Qf3 42. Qg6# 1-0


[Site "https://www.chess.com"]

[Event "Titled Tuesday Blitz July 05 Late 2022"]
[White "Tikhonov, Viacheslav"]
[Black "Chernobay, Artem"]
[WhiteFideId "44196407"]
[BlackFideId "4167406"]
[WhiteElo "1839"]
[BlackElo "2473"]
[Result "0-1"]
[Round "09"]
[TimeControl "180+1"]
[Date "2022.07.05"]
[WhiteClock "0:00:17"]
[BlackClock "0:00:19"]

1. d4 Nf6 2. Bf4 g6 3. e3 Bg7 4. Be2 O-O 5. Nf3 d6 6. O-O Nh5 7. Bg5 h6 8. Bh4 g5 9. Nfd2 Nf6 10. Bg3 Bf5 11. c4 Nbd7 12. Nc3 Bg6 13. b4 e5 14. c5 Re8 15. Nc4 exd4 16. exd4 dxc5 17. bxc5 Ne4 18. Nxe4 Bxe4 19. Bf3 f5 20. Bxe4 Rxe4 21. Be5 Nxe5 22. Nxe5 Rxd4 23. Qb3+ Qd5 24. Ng6 Re8 25. h4 Kh7 26. h5 Rd3 27. Qxd5 Rxd5 28. Rab1 b6 29. cxb6 axb6 30. Rfc1 Rd7 31. Rc6 Re2 32. Rbc1 Rxa2 33. Rxc7 Rxc7 34. Rxc7 Kg8 35. Rc8+ Kh7 36. Rc7 b5 37. Ne7 Ra1+ 38. Kh2 Be5+ 39. f4 Bxf4+ 40. Kh3 Bxc7 41. Nxf5 b4 0-1


[Site "https://www.chess.com"]

[Event "Titled Tuesday Blitz July 05 Late 2022"]
[White "Timofeev, Artyom"]
[Black "Dilanyan, Grigor"]
[WhiteFideId "4140419"]
[BlackFideId "13303570"]
[WhiteElo "2578"]
[BlackElo "2279"]
[Result "1-0"]
[Round "09"]
[TimeControl "180+1"]
[Date "2022.07.05"]
[WhiteClock "0:00:58"]
[BlackClock "0:00:18"]

1. e4 e5 2. Nf3 Nc6 3. Bb5 a6 4. Ba4 Nf6 5. d3 d6 6. c3 Be7 7. O-O O-O 8. Nbd2 Re8 9. Re1 Bf8 10. Nf1 Bd7 11. Ng3 b5 12. Bc2 a5 13. h3 b4 14. d4 bxc3 15. bxc3 exd4 16. cxd4 Nb4 17. Bb1 c5 18. a3 Nc6 19. d5 Na7 20. Bd3 Nb5 21. Bb2 a4 22. Qd2 Qa5 23. Qf4 Qd8 24. Rad1 Rb8 25. e5 Nxd5 26. Bxh7+ Kxh7 27. Rxd5 Be6 28. Ng5+ Kg8 29. Qh4 Qxg5 30. Qxg5 Bxd5 31. Nh5 Kh7 32. e6 Rxe6 33. Rxe6 Nd4 34. Bxd4 cxd4 35. Rh6+ gxh6 36. Nf6+ 1-0


[Site "https://www.chess.com"]

[Event "Titled Tuesday Blitz July 05 Late 2022"]
[White "Tokhirjonova, Gulrukhbegim"]
[Black "Rustemov, Alexander"]
[WhiteFideId "14203626"]
[BlackFideId "4119002"]
[WhiteElo "2227"]
[BlackElo "2730"]
[Result "0-1"]
[Round "09"]
[TimeControl "180+1"]
[Date "2022.07.05"]
[WhiteClock "0:00:19"]
[BlackClock "0:01:03"]

1. e4 e6 2. d4 d5 3. e5 c5 4. c3 Qb6 5. Nf3 Bd7 6. Be2 Bb5 7. O-O Bxe2 8. Qxe2 Qa6 9. Qd1 cxd4 10. cxd4 Bb4 11. a3 Ne7 12. Bg5 Nbc6 13. Qb3 Ba5 14. h4 h6 15. Bf4 Rc8 16. Nc3 Bxc3 17. Qxc3 Nxe5 18. Qe3 Nxf3+ 19. Qxf3 O-O 20. Rac1 Nf5 21. Rfd1 Nxh4 22. Qg4 Nf5 23. Be5 f6 24. Bf4 Kh7 25. Re1 b6 26. Rxe6 Rxc1+ 27. Bxc1 Qd3 28. Be3 Rf7 29. Re8 Re7 30. Rxe7 Nxe7 31. Qe6 Qe4 32. Qd7 Nf5 33. Bd2 Nxd4 34. Qxa7 b5 35. Qc5 Ne2+ 36. Kf1 Qd3 37. Ke1 Nd4 38. Kd1 Qe2+ 0-1


[Site "https://www.chess.com"]

[Event "Titled Tuesday Blitz July 05 Late 2022"]
[White "Urbina Perez, Juan Antonio"]
[Black "Rizzo, Tobias"]
[WhiteFideId "2217368"]
[BlackFideId "30942691"]
[WhiteElo "2192"]
[BlackElo "2321"]
[Result "1-0"]
[Round "09"]
[TimeControl "180+1"]
[Date "2022.07.06"]
[WhiteClock "0:01:07"]
[BlackClock "0:00:12"]

1. d4 Nf6 2. Nf3 g6 3. g3 Bg7 4. Bg2 O-O 5. O-O d5 6. Nc3 c6 7. a4 h6 8. Re1 Be6 9. e4 dxe4 10. Nxe4 Nxe4 11. Rxe4 Bd5 12. Re2 Bxf3 13. Bxf3 Qxd4 14. Qxd4 Bxd4 15. c3 Bf6 16. Bxh6 Rd8 17. Be3 Na6 18. Rae1 Rd7 19. Bg4 Rd3 20. Rc2 Nc7 21. Be2 Rd7 22. Rd1 Rad8 23. Rcd2 Rxd2 24. Rxd2 Rxd2 25. Bxd2 Ne6 26. Be3 b6 27. Bf3 c5 28. Bd5 Nc7 29. Bc6 Be5 30. f4 Bd6 31. Kf1 f6 32. Ke2 Kf7 33. Kd3 e5 34. fxe5 Bxe5 35. Bf2 Ke6 36. Be4 g5 37. Bb7 Kd6 38. h4 gxh4 39. gxh4 Ne6 40. Ke4 Ng7 41. Bc8 Bh2 42. Bg4 Be5 43. h5 f5+ 44. Bxf5 Nxh5 45. Bc8 Nf6+ 46. Kd3 Kc6 47. Bh3 Kd6 48. Bh4 Nd5 49. Kc4 Nc7 50. Bg2 a6 51. Kd3 b5 52. a5 Bh2 53. Bb7 Be5 54. Bd8 Bg7 55. Bg5 Ne6 56. Bh4 c4+ 57. Kc2 Nc5 58. Bc8 Kc7 59. Bf5 Nb3 60. Bg3+ Kb7 61. Be4+ Kc8 62. Bf5+ Kb7 63. Bd6 Nxa5 64. Bb4 Nc6 65. Be4 Kc7 66. Bc5 Be5 67. b4 Bf6 68. Kd2 Ne5 69. Bd4 Nc6 70. Bxf6 a5 71. Bxc6 axb4 72. cxb4 Kxc6 73. Bc3 Kd5 74. Ke3 Ke6 75. Ke4 Kd6 76. Kd4 Kc6 77. Ke5 Kb6 78. Kd6 Ka6 79. Kc6 Ka7 80. Kxb5 Kb7 81. Kxc4 Kc6 82. b5+ Kb6 83. Kb4 Kb7 84. Kc5 Kc7 85. b6+ Kb7 86. Kb5 Kb8 87. Kc6 Kc8 88. b7+ Kb8 89. Be5+ Ka7 90. b8=Q+ Ka6 91. Qb6# 1-0


[Site "https://www.chess.com"]

[Event "Titled Tuesday Blitz July 05 Late 2022"]
[White "Vakhlamov, Igor L."]
[Black "Freitag, Manfred"]
[WhiteFideId "24126748"]
[BlackFideId "1602004"]
[WhiteElo "2401"]
[BlackElo "2292"]
[Result "1-0"]
[Round "09"]
[TimeControl "180+1"]
[Date "2022.07.05"]
[WhiteClock "0:00:13"]
[BlackClock "0:00:04"]

1. e4 c5 2. Nf3 d6 3. Nc3 Nf6 4. d4 cxd4 5. Qxd4 a6 6. e5 Nc6 7. Qa4 dxe5 8. Nxe5 Qb6 9. Bb5 Bd7 10. Be3 Qc7 11. Nxd7 Nxd7 12. O-O-O e6 13. Bf4 Qc8 14. Bxc6 Qxc6 15. Qxc6 bxc6 16. Rhe1 Be7 17. Ne4 Nf6 18. Nxf6+ gxf6 19. Rd3 Rd8 20. Rb3 Rg8 21. g3 a5 22. Rd1 e5 23. Be3 Rxd1+ 24. Kxd1 Rg4 25. c3 h5 26. Rb6 Kd7 27. Ra6 Bd8 28. Ke2 f5 29. Ra7+ Ke6 30. Ra8 Kd7 31. b3 h4 32. c4 hxg3 33. hxg3 f4 34. gxf4 exf4 35. Bd2 f5 36. Bxa5 Bxa5 37. Rxa5 Ke6 38. Rc5 Kd6 39. Rxf5 Rh4 40. a4 Rh3 41. f3 Rh2+ 42. Kd3 Rh4 43. b4 Kc7 44. a5 Kb7 45. b5 cxb5 46. cxb5 Ka7 47. Rf7+ Kb8 48. Ke4 Rh5 49. Rf5 Rh1 50. Rxf4 Re1+ 51. Kd4 Rd1+ 52. Kc5 Rc1+ 53. Kb6 Rf1 54. Rf8# 1-0


[Site "https://www.chess.com"]

[Event "Titled Tuesday Blitz July 05 Late 2022"]
[White "Vasquez Schroeder, Rodrigo"]
[Black "Barria Zuniga, Daniel"]
[WhiteFideId "3400042"]
[BlackFideId "3400816"]
[WhiteElo "2567"]
[BlackElo "2414"]
[Result "1-0"]
[Round "09"]
[TimeControl "180+1"]
[Date "2022.07.05"]
[WhiteClock "0:02:03"]
[BlackClock "0:00:41"]

1. e4 c5 2. Nf3 e6 3. d4 cxd4 4. Nxd4 a6 5. Bd3 Bc5 6. Nb3 Ba7 7. Qe2 Nc6 8. Be3 d6 9. O-O Nge7 10. c4 Bxe3 11. Qxe3 e5 12. Nc3 O-O 13. Rfd1 b6 14. Be2 a5 15. Nb5 a4 16. Rxd6 Bd7 17. Nd2 Nc8 18. Rd3 Nb4 19. Rc3 Bxb5 20. cxb5 Qd4 21. a3 Rd8 22. Nf3 Qxe3 23. fxe3 Na2 24. Rxa2 f6 25. Ra1 Nd6 26. Bd3 Kf8 27. Rac1 Nb7 28. Bc4 Nc5 29. Bd5 Ra5 30. Rxc5 bxc5 31. Rxc5 Rb8 32. Bc6 Ke7 33. Kf2 Kd6 34. Rd5+ Ke6 35. Nd2 Ra7 36. Nc4 Rc7 37. Ke2 1-0


[Site "https://www.chess.com"]

[Event "Titled Tuesday Blitz July 05 Late 2022"]
[White "Veiga, Jose Francisco R P Neves"]
[Black "Idani, Pouya"]
[WhiteFideId "1930087"]
[BlackFideId "12510130"]
[WhiteElo "2288"]
[BlackElo "2610"]
[Result "1-0"]
[Round "09"]
[TimeControl "180+1"]
[Date "2022.07.05"]
[WhiteClock "0:00:20"]
[BlackClock "0:00:01"]

1. e4 c5 2. Nf3 e6 3. d4 cxd4 4. Nxd4 Nc6 5. Nc3 Qc7 6. Be3 a6 7. Qf3 Bd6 8. O-O-O Be5 9. Nxc6 bxc6 10. Bd4 Bxd4 11. Rxd4 Nf6 12. Qg3 Qxg3 13. hxg3 d5 14. exd5 cxd5 15. Na4 Rb8 16. Nc5 O-O 17. f4 Nd7 18. Nxa6 Bxa6 19. Bxa6 Ra8 20. Bd3 g6 21. a3 Rfc8 22. Kd2 Nb6 23. Rb4 Nd7 24. Rc1 Nc5 25. Ke3 Kg7 26. Rb5 Nd7 27. c4 dxc4 28. Rxc4 Rd8 29. Rd4 Nf6 30. Rxd8 Rxd8 31. Be2 h5 32. a4 Nd5+ 33. Kf2 h4 34. Bf3 1-0


[Site "https://www.chess.com"]

[Event "Titled Tuesday Blitz July 05 Late 2022"]
[White "Voege, Tobias"]
[Black "Mikhalsky, Vladimir"]
[WhiteFideId "1270513"]
[BlackFideId "14144352"]
[WhiteElo "2379"]
[BlackElo "2301"]
[Result "0-1"]
[Round "09"]
[TimeControl "180+1"]
[Date "2022.07.06"]
[WhiteClock "0:00:12"]
[BlackClock "0:00:14"]

1. e4 g6 2. d4 Bg7 3. c4 d6 4. Nc3 Nf6 5. Nf3 O-O 6. h3 e5 7. d5 Nh5 8. g3 Qe8 9. Bg2 f5 10. exf5 gxf5 11. Ng5 e4 12. Ne6 Bxe6 13. dxe6 Nf6 14. Nd5 Na6 15. e7 Rf7 16. O-O Nxd5 17. Qxd5 Qc6 18. Bg5 Re8 19. f3 Qxd5 20. cxd5 h6 21. Bh4 Bxb2 22. Rab1 Bd4+ 23. Kh2 e3 24. f4 Nc5 25. Bf3 Bf6 26. Bh5 Bxh4 27. gxh4 Rexe7 28. Bxf7+ Kxf7 29. Kg2 e2 30. Rg1 Nd3 31. Rge1 Nxe1+ 32. Rxe1 c6 33. dxc6 bxc6 34. Kf2 d5 35. h5 d4 36. Rc1 d3 37. Ke1 Rd7 38. Kd2 Rd6 39. Rg1 c5 40. Rc1 Rd5 41. a4 a5 42. Rb1 c4 43. Rc1 Rc5 44. Rc3 Ke6 45. Rc1 Kd5 46. Rg1 Kd4 47. Rg6 c3+ 48. Ke1 Ke3 49. Re6+ Kf3 50. Rd6 d2+ 51. Rxd2 cxd2+ 52. Kxd2 Kf2 53. h4 e1=Q+ 54. Kd3 Qe4+ 55. Kd2 Rc2+ 56. Kd1 Re2 57. Kc1 Qc4+ 58. Kd1 Qxa4+ 59. Kc1 Qc6+ 60. Kd1 Qh1# 0-1


[Site "https://www.chess.com"]

[Event "Titled Tuesday Blitz July 05 Late 2022"]
[White "Wachinger, Nikolas"]
[Black "Maksimovic, Bojan"]
[WhiteFideId "12962791"]
[BlackFideId "14408120"]
[WhiteElo "2253"]
[BlackElo "2453"]
[Result "1-0"]
[Round "09"]
[TimeControl "180+1"]
[Date "2022.07.05"]
[WhiteClock "0:00:27"]
[BlackClock "0:00:03"]

1. d4 Nf6 2. Nf3 c5 3. d5 d6 4. Nc3 e5 5. e4 Be7 6. Bd3 O-O 7. h3 Nbd7 8. a4 Re8 9. Be3 Nf8 10. a5 Ng6 11. g3 Bd7 12. Nd2 Qc8 13. Bf1 h6 14. Nc4 Nh7 15. Bg2 Ng5 16. h4 Nh7 17. Qd2 Nf6 18. f3 Nh5 19. Bf2 Rf8 20. Ne3 Bd8 21. Nf5 Bxf5 22. exf5 Qxf5 23. g4 Qd7 24. gxh5 Nf4 25. Be3 Nxh5 26. Bh3 f5 27. Rg1 Bxh4+ 28. Kd1 Qf7 29. Bxh6 Qf6 30. Ra4 f4 31. Bg5 Bxg5 32. Ne4 Ng3 33. Nxf6+ Rxf6 34. Rxg3 fxg3 35. Qxg5 Raf8 36. Be6+ Kh7 37. Rh4+ Rh6 38. Rxh6+ gxh6 39. Bf5+ Kh8 40. Qxh6+ 1-0


[Site "https://www.chess.com"]

[Event "Titled Tuesday Blitz July 05 Late 2022"]
[White "Wartiovaara, Oliver"]
[Black "Przybylski, Wojciech"]
[WhiteFideId "513024"]
[BlackFideId "1117599"]
[WhiteElo "1971"]
[BlackElo "2133"]
[Result "0-1"]
[Round "09"]
[TimeControl "180+1"]
[Date "2022.07.06"]
[WhiteClock "0:00:03"]
[BlackClock "0:00:11"]

1. e4 c5 2. Nf3 e6 3. d4 cxd4 4. Nxd4 Nc6 5. Nc3 a6 6. Nxc6 bxc6 7. Bd3 d5 8. O-O Nf6 9. Re1 Be7 10. e5 Nd7 11. Qg4 g6 12. Na4 Rb8 13. b3 O-O 14. c4 Re8 15. Qg3 Qc7 16. Bb2 Nf8 17. Rac1 c5 18. h4 Bd7 19. Nc3 Bc6 20. h5 Qd8 21. Rcd1 Bh4 22. Qg4 Qg5 23. Qxg5 Bxg5 24. hxg6 Nxg6 25. cxd5 exd5 26. Bxg6 hxg6 27. Nxd5 Re6 28. Nf6+ Kg7 29. Ng4 c4 30. Bc1 Bxc1 31. Rxc1 cxb3 32. axb3 Rxb3 33. f3 a5 34. Rc5 a4 35. Rec1 Rb6 36. Ra5 Kf8 37. Ra1 Rb4 38. Ra7 g5 39. Kf2 Rb2+ 40. Kg3 Rb4 41. Rh1 Re8 42. Rd1 Rb7 43. Rxb7 Bxb7 44. Rd6 Re6 45. Rd1 Ra6 46. Ra1 a3 47. Nf6 a2 48. Ne4 Bd5 49. Nc3 Be6 50. Kf2 Ra3 51. Ke3 Rxc3+ 52. Kd2 Ra3 0-1


[Site "https://www.chess.com"]

[Event "Titled Tuesday Blitz July 05 Late 2022"]
[White "Wieczorek, Oskar"]
[Black "Pakleza, Zbigniew"]
[WhiteFideId "1133950"]
[BlackFideId "1119290"]
[WhiteElo "2330"]
[BlackElo "2467"]
[Result "1/2-1/2"]
[Round "09"]
[TimeControl "180+1"]
[Date "2022.07.05"]
[WhiteClock "0:00:07"]
[BlackClock "0:00:02"]

1. e4 d6 2. d4 Nf6 3. f3 Nbd7 4. c4 e5 5. Ne2 Be7 6. Nbc3 O-O 7. Be3 c6 8. Qd2 a6 9. g4 b5 10. g5 Nh5 11. h4 Nb6 12. b3 bxc4 13. dxe5 dxe5 14. Qxd8 Bxd8 15. O-O-O Bc7 16. Bc5 Re8 17. Bd6 Bxd6 18. Rxd6 cxb3 19. axb3 Be6 20. Rxc6 Rab8 21. Bh3 Bxb3 22. Bg4 Nf4 23. Nxf4 exf4 24. Ne2 a5 25. Nd4 a4 26. Rh2 Red8 27. Rd2 Nc4 28. Nxb3 Nxd2 29. Nxd2 a3 30. Ra6 Rb2 31. Nc4 Rh2 32. Nxa3 Rxh4 33. Kc2 Rh1 34. Nc4 h5 35. gxh6 Rxh6 36. Ra7 Rh2+ 37. Kc3 Rh1 38. Ne5 Rc1+ 39. Kb2 Rc5 40. Nxf7 Rb8+ 41. Ka2 Rc2+ 42. Ka1 Rc1+ 43. Ka2 Rc2+ 44. Ka1 Rc1+ 45. Ka2 Rc2+ 1/2-1/2


[Site "https://www.chess.com"]

[Event "Titled Tuesday Blitz July 05 Late 2022"]
[White "Yuan, Qingyu"]
[Black "Hardaway, Brewington"]
[WhiteFideId "8609772"]
[BlackFideId "30941849"]
[WhiteElo "2359"]
[BlackElo "1813"]
[Result "0-1"]
[Round "09"]
[TimeControl "180+1"]
[Date "2022.07.05"]
[WhiteClock "0:00:10"]
[BlackClock "0:01:40"]

1. e4 e5 2. Nf3 Nf6 3. Nxe5 d6 4. Nf3 Nxe4 5. Nc3 Nxc3 6. dxc3 Be7 7. Bf4 Nd7 8. Qd2 O-O 9. O-O-O Nc5 10. h4 Be6 11. Kb1 Qe8 12. Ng5 Qa4 13. Nxe6 Nxe6 14. Be3 Bf6 15. f3 Rab8 16. g4 b5 17. g5 Be5 18. Bd3 b4 19. c4 Nc5 20. Bxc5 dxc5 21. h5 Rb6 22. f4 Ra6 23. Bxh7+ Kh8 24. a3 bxa3 25. c3 axb2 26. Qxb2 Rb6 27. Bc2 Rxb2+ 28. Kxb2 Rb8+ 29. Kc1 Bxf4+ 30. Rd2 Qa1+ 0-1


[Site "https://www.chess.com"]

[Event "Titled Tuesday Blitz July 05 Late 2022"]
[White "Zajic, Milan"]
[Black "Olenik Campa, Rudi"]
[WhiteFideId "912336"]
[BlackFideId "14633264"]
[WhiteElo "2445"]
[BlackElo "2066"]
[Result "0-1"]
[Round "09"]
[TimeControl "180+1"]
[Date "2022.07.05"]
[WhiteClock "0:00:08"]
[BlackClock "0:00:58"]

1. e4 c5 2. Nf3 Nc6 3. Bb5 g6 4. Bxc6 dxc6 5. d3 Bg7 6. h3 Qc7 7. O-O h6 8. Nc3 g5 9. Be3 g4 10. hxg4 Bxg4 11. Bxc5 h5 12. Qd2 Nf6 13. Nh2 Nd7 14. Be3 O-O-O 15. f4 e5 16. f5 Bf6 17. Qf2 Rdg8 18. Kh1 Qd8 19. a4 Bh4 20. g3 Bf6 21. Rg1 h4 22. Raf1 hxg3 23. Qxg3 Rh3 24. Qxg4 Rxg4 25. Rxg4 Rxe3 26. Rg2 Rh3 27. Kg1 Qh8 28. Ng4 Qh4 29. Nf2 Bg5 30. Nxh3 Qxh3 31. Nd1 Bf4 32. Nf2 Qh4 33. Ng4 Nf6 34. Nxf6 Be3+ 35. Rff2 Bxf2+ 36. Rxf2 Qxf6 37. b3 Qg5+ 38. Kf1 Qc1+ 39. Kg2 Kd7 40. f6 Ke6 41. Kh2 Qg5 42. Kh3 c5 43. Kh2 b6 44. Kh3 a6 45. Kh2 b5 46. axb5 axb5 47. Kh3 Qe3+ 48. Kg2 c4 49. bxc4 bxc4 50. Rf3 Qe2+ 51. Rf2 Qg4+ 52. Kh2 cxd3 53. cxd3 Qd1 54. Rb2 Kxf6 55. Rb6+ Kg5 56. Rd6 Qe2+ 57. Kg3 Qe3+ 58. Kg2 f6 59. Rd8 Kf4 60. Kh2 Qe2+ 61. Kh3 Kf3 62. Rg8 Qf1+ 63. Kh2 Qf2+ 64. Kh3 Ke3 65. Rd8 Qf1+ 66. Kg4 Qf4+ 67. Kh3 Kf2 68. Rg8 Qh6+ 69. Kg4 Qf4+ 70. Kh5 Ke3 71. Rg4 Qf3 72. Kh4 Kxd3 73. Kh5 Qxg4+ 74. Kh6 Kxe4 0-1


[Site "https://www.chess.com"]